 Dungeon Sprint DCSS version 0.22-a0-284-g99d1f7439c (webtiles) character file.

343592 Pristine the Chief of Staff (level 19, -26/203 HPs)
             Began as a Deep Dwarf Gladiator on Mar 21, 2018.
             Was the Champion of Makhleb.
             Annihilated by an Orb Guardian (42 damage)
             ... in the Dungeon (Sprint IX: "|||||||||||||||||||||||||||||").
             The game lasted 00:26:30 (7377 turns).

Pristine the Chief of Staff (Deep Dwarf Gladiator)  Turns: 7377, Time: 00:26:31

Health: -26/203    AC: 40    Str: 24    XL:     19   Next: 84%
Magic:  17/17      EV: 23    Int: 16    God:    Makhleb [******]
Gold:   488        SH:  4    Dex: 20    Spells: 20/20 levels left

rFire    + + .     SeeInvis .   o - +9 quarterstaff (speed)
rCold    + + .     Gourm    .   (shield currently unavailable)
rNeg     + . .     Faith    .   T - +4 gold dragon scales
rPois    +         Spirit   .   z - +2 hat {Int+3}
rElec    .         Reflect  +   S - +2 cloak {+Inv}
rCorr    .         Harm     .   F - +1 pair of gloves
MR       +....     NoTele   +   G - +2 pair of boots {run}
Stlth    ..........             K - amulet "Sesu" {Reflect Str+4 SH+4}
HPRegen  0.00/turn              J - ring "Uvvatea" {+Blink rC+ MR- Int+4}
MPRegen  0.15/turn              A - ring of protection from fire

@: non-regenerating, quick
A: damage resistance, heal wounds, slimy green scales 1, blurry vision 2,
deformed body, frail 1, negative energy resistance 1, sense surroundings 3, no
regeneration
}: 5/15 runes: decaying, serpentine, barnacled, silver, gossamer
a: Heal Wounds, Minor Destruction, Lesser Servant of Makhleb, Major Destruction,
Greater Servant of Makhleb, Renounce Religion, Evoke Blink, Evoke Invisibility


You were in the Dungeon.
You worshipped Makhleb.
Makhleb was exalted by your worship.
You were not hungry.

You visited 1 branch You collected 1961 gold pieces.
You spent 1473 gold pieces at shops.

Inventory:

Hand Weapons
 o - a +9 quarterstaff of speed (weapon)
 H - the +12 glaive of Prune {chop}
   (You found it in the Dungeon)

   It inflicts extra damage upon your enemies.
 Q - the +6 shillelagh "Devastator" {shatter}
   (You found it in the Dungeon)
Missiles
 d - 7 throwing nets (quivered)
Armour
 a - a +2 large shield
 z - a +2 hat of intelligence (worn)
 F - a +1 pair of gloves (worn)
 G - a +2 pair of boots of running (worn)
 L - +0 gold dragon scales
 S - a +2 cloak of invisibility (worn)
 T - +4 gold dragon scales (worn)
Magical Staves
 P - an uncursed staff of wizardry
Jewellery
 b - a +2 ring of slaying
 c - the ring "Durajeli" {Wiz rF+ Str-2 Stlth+}
   (You found it in the Dungeon)

   [ring of wizardry]

   It improves your spell success rate.
   It affects your strength (-2).
   It protects you from fire.
   It makes you more stealthy.
 q - a +2 ring of dexterity
 r - a +2 ring of protection
 s - a +2 ring of evasion
 w - an uncursed ring of wizardry
 x - a +6 ring of dexterity
 y - the amulet of Jarchaf {Reflect Str+3 SH+4}
   (You found it in the Dungeon)

   [amulet of reflection]

   It shields you and reflects attacks.
   It affects your strength (+3).
   It affects your SH (+4).
 A - a ring of protection from fire (right hand)
 B - an uncursed ring of poison resistance
 C - an uncursed ring of protection from magic
 D - an uncursed ring of protection from magic
 E - a +4 ring of evasion
 I - the ring "Gigg" {rC- AC-2 Int+4 Stlth+}
   (You found it in the Dungeon)

   [ring of protection]

   It affects your AC (-2).
   It affects your intelligence (+4).
   It makes you vulnerable to cold.
   It makes you more stealthy.
 J - the ring "Uvvatea" (left hand) {+Blink rC+ MR- Int+4}
   (You found it in the Dungeon)

   [ring of protection from cold]

   It affects your intelligence (+4).
   It protects you from cold.
   It affects your resistance to hostile enchantments.
   It lets you blink.
 K - the amulet "Sesu" (around neck) {Reflect Str+4 SH+4}
   (You found it in the Dungeon)

   [amulet of reflection]

   It shields you and reflects attacks.
   It affects your strength (+4).
   It affects your SH (+4).
Scrolls
 k - 4 scrolls of blinking
 l - 6 scrolls of remove curse
 m - 2 scrolls of amnesia
 n - a scroll of magic mapping
 p - 2 scrolls of fog
 t - 2 scrolls of enchant weapon
 u - 5 scrolls of fear
 v - 5 scrolls of identify
Potions
 e - 8 potions of curing
 g - 21 potions of heal wounds
 h - 7 potions of haste
 i - 5 potions of magic
 j - 3 potions of brilliance
 M - a potion of agility
 O - a potion of degeneration {unknown}
 U - 2 potions of berserk rage
Comestibles
 f - 11 rations
 N - 2 chunks of flesh


   Skills:
 O Level 27 Fighting
 O Level 27 Maces & Flails
 + Level 1.6(18.8) Polearms
 O Level 27 Staves
 + Level 2.6 Throwing
 O Level 27 Armour
 O Level 27 Dodging
 + Level 9.5 Stealth
 O Level 27 Shields
 + Level 1.5 Unarmed Combat
 + Level 1.3 Spellcasting
 + Level 13.2 Invocations
 + Level 9.4 Evocations


You had 20 spell levels left.
You didn't know any spells.

Dungeon Overview and Level Annotations

Branches:
Dungeon (1/1)

Altars:
Cheibriados
Dithmenos
Elyvilon
Fedhas
Gozag
Hepliaklqana
Kikubaaqudgha
Makhleb
Nemelex Xobeh
Okawaru
Qazlal
Ru
Sif Muna
Trog
Uskayaw
Vehumet
Wu Jian
Xom
Yredelemnul
Zin
The Shining One
Beogh
Jiyva
Lugonu

Shops:
D }[[*


Innate Abilities, Weirdness & Mutations

You are resistant to damage.
You can heal yourself by infusing magical energy.
You resist negative energy. (rN+)
You passively map a large area around you.
You do not regenerate.
You are partially covered in slimy green scales. (AC +2)
Scrolls take you longer to read.
Armour fits poorly on your strangely shaped body.
You are frail. (-10% HP)


Message History

Makhleb accepts your kill.
You feel better.
You have mastered Shields!
You need to enable at least one skill for training.
Your base Polearms skill increases to level 1!
Your Throwing skill increases to level 2!
Your Unarmed Combat skill increases to level 1!
Your Spellcasting skill increases to level 1!
Unknown command.
You sock the Orb Guardian!
The Orb Guardian is lightly wounded.
The Orb Guardian barely misses you.
Unknown command.
You feel much better. The Orb Guardian hits you!!!
* * * LOW HITPOINT WARNING * * *
The Orb Guardian barely misses you.
You hit the Orb Guardian.
The Orb Guardian is lightly wounded.
The Orb Guardian hits you!!!
You die...

▓......'.}[....................
▓.▓▓▓▓▓▓▓▓▓▓▓▓▓▓▓▓▓▓▓▓▓▓▓▓▓▓▓▓▓
▓..............................
▓▓▓▓▓▓▓▓▓▓▓▓▓▓▓▓▓▓▓▓▓▓▓▓▓▓▓▓▓▓▓
▓....'........)))†).....))....)
▓.▓▓▓▓▓▓▓▓▓▓▓▓▓▓▓▓▓▓▓▓▓▓▓▓▓▓▓▓▓
▓..............................
▓▓▓▓▓▓▓▓▓▓▓▓▓▓▓▓▓▓▓▓▓▓▓▓▓▓▓▓▓▓▓
*,,+,,,....0yX@...'...........[
*,*****▓▓▓▓▓▓▓▓▓▓▓▓▓▓▓▓▓▓▓▓▓▓▓▓
*,,,,,,,,,,,,,,,,,,,,,,,,,,,,,,
*******************************
*,,,,,+,,,,,,,,,,,,,,,,,,,+,,,,
*,*****************************
*,,,,,,,,,,,,,,,,,,,,,,,,,,,,,,
*******************************
*,,,,,,+,,,,,,,,,,,+,,,,,,,,,+,


You could see an Orb Guardian (berserk) and a moth of wrath.

Vanquished Creatures
  3 orbs of fire (D)
  Mara (D)
  Mennas (D)
  An ancient lich (D)
  Frederick (D)
  Margery (D)
  A Killer Klown (D)
  Xtahua (D)
  4 golden dragons (D)
  Nikola (D)
  4 liches (D)
  4 electric golems (D)
  8 tentacled monstrosities (D)
  23 Orb Guardians (D)
  2 quicksilver dragons (D)
  A sphinx (D)
  4 death cobs (D)
  7 shadow dragons (D)
  A draconian monk (D)
  A storm dragon (D)
  Gastronok (D)
  2 nagarajas (D)
  3 draconian knights (D)
  2 frost giants (D)
  2 fire giants (D)
  6 vault wardens (D)
  8 ghost moths (D)
  2 emperor scorpions (D)
  A draconian shifter (D)
  A spriggan defender (D)
  4 draconian stormcallers (D)
  2 ironheart preservers (D)
  A draconian annihilator (D)
  4 stone giants (D)
  3 green draconians (D)
  3 black draconians (D)
  4 yellow draconians (D)
  A red draconian (D)
  A purple draconian (D)
  5 white draconians (D)
  3 ettins (D)
  6 merfolk impalers (D)
  A merfolk javelineer (D)
  Josephine (D)
  A rakshasa (D)
  3 yaktaur captains (D)
  5 fire dragons (D)
  Harold (D)
  8 ice dragons (D)
  2 naga warriors (D)
  Erolcha (D)
  11 hydras (D)
  25 vault guards (D)
  5 centaur warriors (D)
  A merfolk avatar (D)
  3 merfolk aquamancers (D)
  A tengu warrior (D)
  An alligator (D)
  3 ogre magi (D)
  A two-headed ogre (D)
  8 orc high priests (D)
  A deep troll earth mage (D)
  2 naga sharpshooters (D)
  5 hell knights (D)
  2 shock serpents (D)
  Urug (D)
  A sea snake (D)
  A shadow wraith (D)
  A flayed ghost (D)
  A wizard (D)
  An unseen horror (D)
  3 swamp dragons (D)
  A naga ritualist (D)
  A deep elf archer (D)
  3 orc knights (D)
  7 wolf spiders (D)
  4 manticores (D)
  2 necromancers (D)
  2 cyclopes (D)
  5 moths of wrath (D)
  An ugly thing (D)
  A vault sentinel (D)
  2 black mambas (D)
  A water nymph (D)
  3 guardian serpents (D)
  3 naga magi (D)
  4 spiny frogs (D)
  2 yaktaurs (D)
  3 freezing wraiths (D)
  4 merfolk (D)
  2 trolls (D)
  A jumping spider (D)
  A tyrant leech (D)
  A wind drake (D)
  A jumping spider (shapeshifter) (D)
  2 hornets (D)
  2 bog bodies (D)
  2 slime creatures (D)
  2 hippogriffs (D)
  A wyvern (D)
  A tarantella (D)
  A redback (D)
  A spriggan (shapeshifter) (D)
  6 wraiths (D)
  A yak (D)
  2 basilisks (D)
  3 vampire mosquitoes (D)
  4 nagas (D)
  An insubstantial wisp (D)
  A water moccasin (D)
  A soldier ant (shapeshifter) (D)
  An acid dragon (D)
  A porcupine (D)
  3 swamp drakes (D)
  12 orc warriors (D)
  A wolf (D)
  An ogre (D)
  A centaur (D)
  A boggart (D)
  3 crocodiles (D)
  10 bullfrogs (D)
  A howler monkey (D)
  A crimson imp (D)
  A hound (D)
  6 orc priests (D)
  5 orc wizards (D)
  7 orcs (D)
  3 bat skeletons (D)
  2 goblins (D)
  3 hobgoblins (D)
  A ball python skeleton (D)
  A frilled lizard (D)
  A quokka skeleton (D)
388 creatures vanquished.

Vanquished Creatures (collateral kills)
  An entropy weaver (D)
  A hornet (D)
  4 redbacks (D)
6 creatures vanquished.

Vanquished Creatures (others)
  Ilsuiw (D)
  A naga mage (D)
  A naga (D)
3 creatures vanquished.

Grand Total: 397 creatures vanquished

Notes
Turn   | Place    | Note
-------+----------+-------------------------------------------
     0 | D        | Pristine the Deep Dwarf Gladiator began the quest for the Orb.
     0 | D        | Reached XP level 1. HP: 19/19 MP: 1/1
   123 | D        | Noticed an ogre
   125 | D        | Reached XP level 2. HP: 26/26 MP: 2/2
   133 | D        | Killed an ogre
   133 | D        | Reached XP level 3. HP: 32/32 MP: 3/3
   133 | D        | Reached XP level 4. HP: 39/39 MP: 4/4
   144 | D        | Found a roughly hewn altar of Beogh.
   144 | D        | Found a snail-covered altar of Cheibriados.
   144 | D        | Found a shadowy altar of Dithmenos.
   144 | D        | Found a white marble altar of Elyvilon.
   144 | D        | Found a blossoming altar of Fedhas.
   144 | D        | Found an opulent altar of Gozag.
   145 | D        | Found a hazy altar of Hepliaklqana.
   146 | D        | Found a viscous altar of Jiyva.
   147 | D        | Found an ancient bone altar of Kikubaaqudgha.
   148 | D        | Found a corrupted altar of Lugonu.
   149 | D        | Found a burning altar of Makhleb.
   150 | D        | Found a sparkling altar of Nemelex Xobeh.
   151 | D        | Found an iron altar of Okawaru.
   152 | D        | Found a stormy altar of Qazlal.
   153 | D        | Found a sacrificial altar of Ru.
   154 | D        | Found a deep blue altar of Sif Muna.
   155 | D        | Found a bloodstained altar of Trog.
   156 | D        | Found a hide-covered altar of Uskayaw.
   157 | D        | Became a worshipper of Makhleb the Destroyer
   158 | D        | Found a radiant altar of Vehumet.
   159 | D        | Found an ornate altar of the Wu Jian Council.
   160 | D        | Found a shimmering altar of Xom.
   161 | D        | Found a basalt altar of Yredelemnul.
   162 | D        | Found a glowing silver altar of Zin.
   163 | D        | Found a glowing golden altar of the Shining One.
   210 | D        | Noticed a bullfrog
   211 | D        | Reached skill level 1 in Invocations
   220 | D        | Reached * piety under Makhleb
   220 | D        | Reached skill level 1 in Armour
   220 | D        | Reached XP level 5. HP: 36/46 MP: 4/7
   228 | D        | Reached ** piety under Makhleb
   228 | D        | Reached skill level 5 in Dodging
   235 | D        | Noticed a troll
   235 | D        | Noticed a manticore
   235 | D        | Noticed a wyvern
   235 | D        | Noticed a centaur
   235 | D        | Noticed a cyclops
   248 | D        | Killed a cyclops
   248 | D        | Reached XP level 6. HP: 48/57 MP: 6/11
   248 | D        | Reached XP level 7. HP: 54/64 MP: 6/12
   259 | D        | Killed a wyvern
   270 | D        | HP: 1/66 [manticore (8)]
   276 | D        | Killed a manticore
   276 | D        | Reached *** piety under Makhleb
   276 | D        | Reached skill level 5 in Fighting
   276 | D        | Reached XP level 8. HP: 35/74 MP: 9/14
   286 | D        | Killed a troll
   286 | D        | Reached skill level 5 in Armour
   426 | D        | Noticed a spiny frog
   442 | D        | Killed a spiny frog
   442 | D        | Reached **** piety under Makhleb
   452 | D        | Reached skill level 10 in Invocations
   453 | D        | Noticed a spiny frog
   456 | D        | Gained mutation: You passively map the area around you. [Deep Dwarf growth]
   456 | D        | Reached XP level 9. HP: 65/82 MP: 16/16
   458 | D        | Reached ***** piety under Makhleb
   469 | D        | Killed a spiny frog
   484 | D        | Noticed a black mamba
   492 | D        | Noticed a four-headed hydra
   499 | D        | Killed a black mamba
   518 | D        | Reached ****** piety under Makhleb
   524 | D        | Killed a four-headed hydra
   524 | D        | Reached skill level 15 in Staves
   524 | D        | Reached XP level 10. HP: 77/94 MP: 17/19
   542 | D        | Noticed a spiny frog
   554 | D        | Killed a spiny frog
   559 | D        | Reached skill level 10 in Armour
   828 | D        | Noticed an orc high priest
   828 | D        | Noticed an orc knight
   833 | D        | Noticed an orc knight
   852 | D        | HP: 1/96 [orc high priest/divine providence (10)]
   860 | D        | Killed an orc knight
   891 | D        | Killed an orc high priest
   906 | D        | Killed an orc knight
   949 | D        | Reached XP level 11. HP: 106/106 MP: 20/20
  1003 | D        | Found Gasoaf's Assorted Antiques.
  1003 | D        | Noticed an orc high priest
  1003 | D        | Noticed an orc high priest
  1003 | D        | Noticed an orc high priest
  1018 | D        | Noticed an orc high priest
  1027 | D        | Killed an orc high priest
  1028 | D        | Found Faklig's Armour Shop.
  1028 | D        | Noticed an orc high priest
  1036 | D        | Killed an orc high priest
  1037 | D        | Noticed an orc high priest
  1042 | D        | Found Lanutz's Antique Armour Boutique.
  1057 | D        | Killed an orc high priest
  1057 | D        | Reached skill level 10 in Fighting
  1059 | D        | Noticed a sixfirhy
  1069 | D        | Killed an orc high priest
  1070 | D        | Found Neqo's Gadget Shop.
  1083 | D        | Noticed an orc high priest
  1085 | D        | Killed an orc high priest
  1098 | D        | Killed an orc high priest
  1128 | D        | Killed an orc high priest
  1181 | D        | Bought a potion of curing for 99 gold pieces
  1181 | D        | Bought a potion of heal wounds for 165 gold pieces
  1181 | D        | Bought a potion of haste for 330 gold pieces
  1181 | D        | Bought a ring of evasion for 66 gold pieces
  1187 | D        | Bought a +4 chain mail of poison resistance for 399 gold pieces
  1189 | D        | Bought a runed hat for 154 gold pieces
  1221 | D        | Bought a box of beasts for 260 gold pieces
  1245 | D        | Noticed Urug
  1249 | D        | Noticed Josephine
  1270 | D        | Killed Urug
  1278 | D        | Killed Josephine
  1323 | D        | Noticed Erolcha
  1339 | D        | Killed Erolcha
  1364 | D        | Noticed Harold
  1392 | D        | Killed Harold
  1392 | D        | Reached XP level 12. HP: 95/122 MP: 21/21
  1495 | D        | Identified a +2 pair of boots of running (You found it in the Dungeon)
  1526 | D        | Noticed a two-headed ogre
  1526 | D        | Noticed an ogre mage
  1526 | D        | Noticed an eight-headed hydra
  1526 | D        | Noticed an eight-headed hydra
  1533 | D        | Killed an eight-headed hydra
  1542 | D        | Killed an eight-headed hydra
  1562 | D        | Killed an ogre mage
  1567 | D        | Killed a two-headed ogre
  1568 | D        | Noticed a lich
  1574 | D        | Noticed an ice dragon
  1581 | D        | Noticed a fire dragon
  1596 | D        | Noticed an ettin
  1601 | D        | Noticed an ice dragon
  1603 | D        | Killed a lich
  1624 | D        | Killed an ice dragon
  1636 | D        | Killed a fire dragon
  1654 | D        | Killed an ettin
  1674 | D        | Killed an ice dragon
  1749 | D        | Noticed Gastronok
  1764 | D        | Killed Gastronok
  1764 | D        | Reached skill level 10 in Dodging
  1832 | D        | Noticed an entropy weaver
  1841 | D        | Reached XP level 13. HP: 92/135 MP: 0/22
  1876 | D        | Killed a ghost moth
  1905 | D        | Killed an entropy weaver
  2201 | D        | Reached skill level 15 in Fighting
  2303 | D        | Reached skill level 15 in Armour
  2589 | D        | Noticed a fire dragon
  2589 | D        | Noticed an ettin
  2589 | D        | Noticed a frost giant
  2589 | D        | Noticed a fire giant
  2609 | D        | Killed a fire giant
  2629 | D        | Killed a frost giant
  2672 | D        | Killed an ettin
  2697 | D        | Killed a fire dragon
  2724 | D        | Gained mutation: You resist negative energy. (rN+) [Deep Dwarf growth]
  2724 | D        | Reached XP level 14. HP: 88/151 MP: 21/21
  2734 | D        | Reached skill level 1 in Evocations
  2738 | D        | Reached skill level 1 in Stealth
  2755 | D        | Noticed a stone giant
  2790 | D        | Killed a stone giant
  2947 | D        | Noticed a vault warden
  2947 | D        | Noticed a vault warden
  2952 | D        | Noticed a vault warden
  2978 | D        | Killed a vault warden
  2978 | D        | Reached skill level 5 in Stealth
  2978 | D        | Reached skill level 5 in Evocations
  2984 | D        | Noticed a vault warden
  3004 | D        | Killed a vault warden
  3005 | D        | Noticed a stone giant
  3020 | D        | Noticed a lich
  3031 | D        | Killed a vault warden
  3060 | D        | Noticed a frost giant
  3064 | D        | Noticed a vault warden
  3066 | D        | Killed a vault warden
  3086 | D        | Killed a stone giant
  3136 | D        | Killed a lich
  3152 | D        | Killed a frost giant
  3169 | D        | Killed a vault warden
  3534 | D        | Noticed Margery
  3567 | D        | Killed Margery
  3679 | D        | Found the +12 glaive of Prune {chop}
  3798 | D        | Noticed Mennas
  3858 | D        | Killed Mennas
  3858 | D        | Reached XP level 15. HP: 79/165 MP: 16/16
  3861 | D        | Noticed Xtahua
  3875 | D        | Killed Xtahua
  3942 | D        | Noticed a nagaraja
  3946 | D        | Noticed a nagaraja
  3956 | D        | Killed a nagaraja
  3982 | D        | Killed a nagaraja
  4015 | D        | Got a serpentine rune of Zot
  4117 | D        | Killed a ghost moth
  4124 | D        | Killed a ghost moth
  4147 | D        | Killed a ghost moth
  4178 | D        | Killed a ghost moth
  4221 | D        | Got a gossamer rune of Zot
  4229 | D        | Noticed Ilsuiw
  4258 | D        | Reached skill level 15 in Dodging
  4305 | D        | Killed Ilsuiw
  4387 | D        | Got a barnacled rune of Zot
  4471 | D        | Reached XP level 16. HP: 182/182 MP: 17/17
  4507 | D        | Got a decaying rune of Zot
  4561 | D        | Noticed Mara
  4578 | D        | Noticed Pristine's illusion
  4597 | D        | Killed Mara
  4703 | D        | Reached skill level 27 in Staves
  5012 | D        | Noticed a shadow dragon
  5075 | D        | Killed a shadow dragon
  5098 | D        | Noticed a shadow dragon
  5111 | D        | Noticed a shadow dragon
  5136 | D        | Killed a shadow dragon
  5154 | D        | Killed a shadow dragon
  5157 | D        | Noticed a sphinx
  5178 | D        | Killed a sphinx
  5223 | D        | Noticed a shadow dragon
  5223 | D        | Noticed a lich
  5223 | D        | Noticed a shadow dragon
  5224 | D        | Found the +6 shillelagh "Devastator" {shatter}
  5243 | D        | Noticed a shadow dragon
  5244 | D        | Noticed a tentacled monstrosity
  5254 | D        | Killed a shadow dragon
  5266 | D        | Noticed a Brimstone Fiend
  5294 | D        | Killed a lich
  5307 | D        | Killed a tentacled monstrosity
  5307 | D        | Reached XP level 17. HP: 207/207 MP: 17/17
  5369 | D        | Identified the Disquisition on the Damaging Voyage
  5374 | D        | Got a silver rune of Zot
  5410 | D        | Noticed Frederick
  5438 | D        | Killed Frederick
  5438 | D        | Reached skill level 27 in Fighting
  5457 | D        | Noticed Nikola
  5491 | D        | Killed Nikola
  5491 | D        | Reached skill level 5 in Maces & Flails
  5578 | D        | Got the ring "Durajeli" {Wiz rF+ Str-2 Stlth+}
  5580 | D        | Got the amulet of Jarchaf {Reflect Str+3 SH+4}
  5582 | D        | Got the ring "Gigg" {rC- AC-2 Int+4 Stlth+}
  5584 | D        | Got the ring "Uvvatea" {+Blink rC+ MR- Int+4}
  5586 | D        | Got the amulet "Sesu" {Reflect Str+4 SH+4}
  5748 | D        | Noticed a golden dragon
  5768 | D        | Noticed a lich
  5793 | D        | Killed a golden dragon
  5801 | D        | Killed a lich
  5811 | D        | Reached skill level 10 in Maces & Flails
  5885 | D        | Noticed a golden dragon
  5998 | D        | Killed a golden dragon
  6054 | D        | Noticed a tentacled monstrosity
  6054 | D        | Noticed a tentacled monstrosity
  6064 | D        | Killed a tentacled monstrosity
  6074 | D        | Killed a tentacled monstrosity
  6165 | D        | Noticed a quicksilver dragon
  6165 | D        | Noticed a tentacled monstrosity
  6166 | D        | Noticed a tentacled monstrosity
  6181 | D        | Killed a tentacled monstrosity
  6181 | D        | Reached skill level 15 in Maces & Flails
  6183 | D        | Noticed a quicksilver dragon
  6202 | D        | Killed a tentacled monstrosity
  6256 | D        | Killed a quicksilver dragon
  6256 | D        | Gained mutation: You passively map a large area around you. [Deep Dwarf growth]
  6256 | D        | Reached XP level 18. HP: 189/218 MP: 18/18
  6279 | D        | Noticed a golden dragon
  6279 | D        | Noticed a tentacled monstrosity
  6279 | D        | Noticed a tentacled monstrosity
  6289 | D        | Killed a tentacled monstrosity
  6308 | D        | Killed a tentacled monstrosity
  6353 | D        | Reached skill level 27 in Armour
  6369 | D        | Killed a golden dragon
  6659 | D        | Noticed an Orb Guardian
  6659 | D        | Noticed an Orb Guardian
  6659 | D        | Noticed an Orb Guardian
  6659 | D        | Noticed an Orb Guardian
  6659 | D        | Noticed an Orb Guardian
  6659 | D        | Noticed an Orb Guardian
  6669 | D        | Killed an Orb Guardian
  6670 | D        | Noticed an Orb Guardian
  6675 | D        | Killed an Orb Guardian
  6676 | D        | Noticed an Orb Guardian
  6687 | D        | Killed an Orb Guardian
  6701 | D        | Killed an Orb Guardian
  6702 | D        | Noticed an Orb Guardian
  6713 | D        | Killed an Orb Guardian
  6714 | D        | Noticed an Orb Guardian
  6732 | D        | Killed an Orb Guardian
  6742 | D        | Killed an Orb Guardian
  6750 | D        | Killed an Orb Guardian
  6761 | D        | Killed an Orb Guardian
  6774 | D        | Killed an Orb Guardian
  6783 | D        | Noticed an Orb Guardian
  6783 | D        | Noticed an Orb Guardian
  6790 | D        | Noticed an Orb Guardian
  6794 | D        | Noticed an Orb Guardian
  6808 | D        | Killed an Orb Guardian
  6821 | D        | Killed an Orb Guardian
  6879 | D        | Killed an Orb Guardian
  6879 | D        | Reached skill level 10 in Shields
  6896 | D        | Killed an Orb Guardian
  6917 | D        | Noticed an ancient lich
  6921 | D        | Noticed a Tzitzimitl
  6932 | D        | Noticed a Hell Sentinel
  6932 | D        | Killed an ancient lich
  6935 | D        | Noticed an orb of fire
  6966 | D        | Gained mutation: You are partially covered in slimy green scales. (AC +2) [an orb of fire]
  6976 | D        | Gained mutation: Scrolls take you a little longer to read. [an orb of fire]
  6988 | D        | Gained mutation: You are frail. (-10% HP) [an orb of fire]
  6992 | D        | Killed an orb of fire
  6992 | D        | Reached skill level 15 in Shields
  6992 | D        | Reached XP level 19. HP: 130/203 MP: 17/19
  7005 | D        | Noticed an electric golem
  7015 | D        | Killed an electric golem
  7018 | D        | Noticed an orb of fire
  7018 | D        | Noticed an electric golem
  7018 | D        | Noticed a Killer Klown
  7019 | D        | Noticed an orb of fire
  7034 | D        | Killed an orb of fire
  7035 | D        | Noticed an electric golem
  7055 | D        | Killed a Killer Klown
  7055 | D        | Reached skill level 27 in Dodging
  7067 | D        | Noticed a golden dragon
  7074 | D        | Gained mutation: Armour fits poorly on your strangely shaped body. [an orb of fire]
  7075 | D        | Gained mutation: Scrolls take you longer to read. [an orb of fire]
  7077 | D        | Killed an orb of fire
  7119 | D        | Noticed an electric golem
  7137 | D        | Killed a golden dragon
  7166 | D        | Killed an electric golem
  7227 | D        | Killed an electric golem
  7240 | D        | Killed an electric golem
  7278 | D        | Reached skill level 27 in Maces & Flails
  7364 | D        | HP: 6/203 [Orb Guardian (33)]
  7373 | D        | HP: 10/203 [Orb Guardian (32)]
  7374 | D        | Reached skill level 27 in Shields
  7374 | D        | Reached skill level 1 in Polearms
  7374 | D        | Reached skill level 1 in Unarmed Combat
  7374 | D        | Reached skill level 1 in Spellcasting
  7377 | D        | Annihilated by an Orb Guardian

Vault maps used:
D:        linesprint

Skill      XL: |  1  2  3  4  5  6  7  8  9 10 11 12 13 14 15 16 17 18 19 |
---------------+----------------------------------------------------------+-----
Staves         | 4 8 9 11 12 13 15 16 19 21 23 24 26 27 | 27.0
Fighting       | 2 4 5 6 7 9 11 14 16 18 21 26 27 | 27.0
Invocations    | 2 7 8 10 12 13 | 13.2
Armour         | 1 3 4 6 9 11 12 13 16 18 20 21 26 27 | 27.0
Dodging        | 4 7 8 9 10 11 13 16 19 23 26 27 | 27.0
Evocations     | 9 |  9.4
Stealth        | 9 |  9.5
Maces & Flails | 16 24 27 | 27.0
Shields        | 15 27 | 27.0
Polearms       | 1 |  1.6
Throwing       | 2 |  2.6
Unarmed Combat | 1 |  1.5
Spellcasting   | 1 |  1.3

Action                   |  1- 3 |  4- 6 |  7- 9 | 10-12 | 13-15 | 16-18 | 19-21 || total
-------------------------+-------+-------+-------+-------+-------+-------+-------++-------
Melee: Quarterstaff      |    21 |    30 |   100 |   577 |  1142 |  1601 |   294 ||  3765
       Glaive            |       |       |       |       |    93 |       |       ||    93
       Shillelagh        |       |       |       |       |       |    41 |       ||    41
Invok: Greater Servant o |       |       |       |       |     1 |       |       ||     1
 Abil: Heal Wounds       |       |     1 |     2 |     6 |    39 |    11 |    10 ||    69
Evoke: Wand              |       |       |    10 |       |       |       |       ||    10
       Box of beasts     |       |       |       |       |     2 |       |       ||     2
  Use: Potion            |     1 |     1 |       |     2 |     3 |       |       ||     7
       Scroll            |       |       |       |     1 |       |     6 |     5 ||    12
 Stab: Invisible         |       |       |     8 |       |       |       |       ||     8
       Sleeping          |       |       |       |       |     1 |       |       ||     1
  Eat: Chunk             |       |       |       |     4 |     5 |     9 |     2 ||    20
       Ration            |       |       |       |       |     1 |       |       ||     1
Armor: Leather armour    |     1 |       |       |       |       |       |       ||     1
       Chain mail        |       |     3 |    22 |   118 |   254 |       |       ||   397
       Ice dragon scales |       |       |       |       |   227 |   156 |       ||   383
       Gold dragon scale |       |       |       |       |       |   297 |   128 ||   425
Dodge: Dodged            |    11 |    12 |    59 |   167 |   604 |   524 |   199 ||  1576
Block: Other             |       |       |       |       |       |    65 |    29 ||    94
       Large shield      |       |       |       |       |       |     2 |       ||     2

Table legend:
 A = Spawn XP
 B = Non-spawn XP
 C = Spawn XP percentage of total XP
 D = Spawn monster count
 E = Non-spawn monster count
 F = Spawn count percentage of total count
 G = Total turns spent on level
                    A         B        C        D         E        F      G
               +---------+---------+-------+---------+---------+-------+---------
         Total |       0 |  458980 |   0.0 |       0 |     397 |   0.0 |  7377
               +---------+---------+-------+---------+---------+-------+---------
             D |       0 |  458980 |   0.0 |       0 |     397 |   0.0 |  7377
               +---------+---------+-------+---------+---------+-------+---------
